2164 views
Uploaded 2023-04-16 23:21:40
Game version 1.35 (6115)
21:12 long 1on1on1on1 ladder game on (8)Mur'gulOasis_LV
Saved by DKnight
2164 views
Uploaded 2023-04-16 23:21:40
Game version 1.35 (6115)
21:12 long 1on1on1on1 ladder game on (8)Mur'gulOasis_LV

33 units @ 5.5k
/ 0.9k
18 buildings @ 2.9k
/ 1.1k



| Rod of Necromancy | 2 | 300 |
| Orb of Corruption | 1 | 375 |
| Potion of Healing | 3 | 450 |
| Potion of Mana | 2 | 400 |
| Dust of Appearance | 2 | 150 |
| Scroll of Healing | 4 | 1000 |
| Scroll of Town Portal | 1 | 350 |
| Potion of Lesser Invulnerability | 2 | 300 |
| total: | 17 | 3325g |
| Acolyte | 13 | 975 | / | 0 |
| Ghoul | 3 | 360 | / | 0 |
| Crypt Fiend | 9 | 1935 | / | 360 |
| Obsidian Statue | 4 | 800 | / | 140 |
| Frost Wyrm | 3 | 1155 | / | 360 |
| Abomination | 1 | 240 | / | 70 |
| total: | 33 | 5465g | / | 930w |
| Nerubian Tower | 2 | 200 | / | 40 |
| Spirit Tower | 3 | 435 | / | 120 |
| Crypt | 1 | 200 | / | 50 |
| Graveyard | 1 | 215 | / | 0 |
| Altar of Darkness | 1 | 180 | / | 50 |
| Ziggurat | 8 | 1200 | / | 400 |
| Tomb of Relics | 1 | 130 | / | 30 |
| Necropolis | 2 | 450 | / | 0 |
| Slaughterhouse | 2 | 280 | / | 270 |
| Sacrificial Pit | 1 | 75 | / | 150 |
| Boneyard | 1 | 175 | / | 200 |
| Halls of the Dead | 1 | 320 | / | 210 |
| Black Citadel | 1 | 325 | / | 230 |
| total: | 18 | 2905g | / | 1150w |
| 0:02 | Acolyte |
| 0:02 | Acolyte |
| 0:05 | Crypt |
| 0:35 | Graveyard |
| 0:48 | Altar of Darkness |
| 0:56 | Ziggurat |
| 1:13 | Ghoul |
| 1:32 | Tomb of Relics |
| 1:48 | Ghoul |
| 1:58 | Ziggurat |
| 2:12 | Crypt Fiend |
| 2:24 | Acolyte |
| 2:49 | Rod of Necromancy |
| 2:54 | Death Coil |
| 2:58 | Crypt Fiend |
| 3:31 | Halls of the Dead |
| 3:57 | Unholy Aura |
| 4:03 | Crypt Fiend |
| 4:32 | Crypt Fiend |
| 4:35 | Ziggurat |
| 4:55 | Nerubian Tower |
| 5:33 | Rod of Necromancy |
| 5:36 | Dust of Appearance |
| 6:16 | Slaughterhouse |
| 6:23 | Crypt Fiend |
| 6:40 | Ziggurat |
| 6:48 | Death Coil |
| 7:01 | Frost Nova |
| 7:05 | Black Citadel |
| 7:38 | Necropolis |
| 7:50 | Crypt Fiend |
| 7:50 | Web |
| 8:00 | Ghoul |
| 8:11 | Burrow |
| 8:32 | Dark Ritual |
| 8:42 | Spirit Tower |
| 8:57 | Obsidian Statue |
| 9:23 | Potion of Lesser Invulnerability |
| 9:26 | Death Pact |
| 9:35 | Acolyte |
| 9:35 | Acolyte |
| 9:35 | Acolyte |
| 9:36 | Ziggurat |
| 9:39 | Ziggurat |
| 9:52 | Boneyard |
| 9:57 | Destroyer Form |
| 10:08 | Orb of Corruption |
| 10:08 | Scroll of Healing |
| 10:14 | Dust of Appearance |
| 10:26 | Scroll of Healing |
| 10:32 | Ziggurat |
| 10:34 | Acolyte |
| 11:03 | Frost Nova |
| 11:14 | Frost Wyrm |
| 11:15 | Obsidian Statue |
| 11:16 | Crypt Fiend |
| 11:19 | Ziggurat |
| 11:21 | Nerubian Tower |
| 11:37 | Creature Attack |
| 11:53 | Obsidian Statue |
| 12:09 | Creature Carapace |
| 12:55 | Spirit Tower |
| 13:25 | Potion of Healing |
| 13:25 | Potion of Mana |
| 13:29 | Impale |
| 13:42 | Frost Wyrm |
| 14:52 | Dark Ritual |
| 14:59 | Obsidian Statue |
| 15:02 | Frost Wyrm |
| 15:13 | Improved Creature Attack |
| 15:31 | Death Coil |
| 15:40 | Spiked Carapace |
| 16:19 | Sacrificial Pit |
| 16:20 | Acolyte |
| 16:28 | Improved Creature Carapace |
| 16:37 | Necropolis |
| 17:06 | Potion of Lesser Invulnerability |
| 17:06 | Scroll of Healing |
| 17:56 | Crypt Fiend |
| 17:56 | Crypt Fiend |
| 18:22 | Acolyte |
| 18:31 | Frost Nova |
| 18:36 | Acolyte |
| 18:36 | Acolyte |
| 18:37 | Acolyte |
| 18:37 | Acolyte |
| 19:01 | Abomination |
| 19:11 | Slaughterhouse |
| 19:14 | Spirit Tower |
| 19:16 | Potion of Healing |
| 19:17 | Potion of Healing |
| 20:16 | Scroll of Town Portal |
| 20:17 | Scroll of Healing |
| 20:41 | Potion of Mana |
| Right click | 1155 |
| Select group | 1031 |
| Select | 417 |
| Misc. action | 129 |
| Build/train/purchase | 114 |
| Use ability | 68 |
| Assign group | 36 |
| Item give/drop | 8 |
| Remove unit | 2 |
| Esc | 1 |
37 units @ 4.4k
/ 0.6k
33 buildings @ 5.3k
/ 2.8k



| Healing Salve | 1 | 100 |
| Orb of Lightning | 2 | 750 |
| Scroll of Speed | 1 | 50 |
| Scroll of Healing | 1 | 250 |
| Scroll of Town Portal | 1 | 350 |
| Potion of Lesser Invulnerability | 1 | 150 |
| Scroll of Protection | 1 | 150 |
| Boots of Speed | 1 | 250 |
| total: | 9 | 2050g |
| Peon | 15 | 1125 | / | 0 |
| Troll Headhunter | 7 | 980 | / | 140 |
| Troll Witch Doctor | 3 | 435 | / | 75 |
| Spirit Walker | 2 | 390 | / | 70 |
| Shaman | 3 | 390 | / | 60 |
| Troll Berserker | 2 | 280 | / | 40 |
| Troll Batrider | 5 | 800 | / | 200 |
| total: | 37 | 4400g | / | 585w |
| Watch Tower | 13 | 1430 | / | 1040 |
| Altar of Storms | 1 | 180 | / | 50 |
| Orc Burrow | 8 | 1280 | / | 320 |
| Voodoo Lounge | 1 | 130 | / | 30 |
| Barracks | 1 | 180 | / | 50 |
| War Mill | 1 | 205 | / | 0 |
| Great Hall | 3 | 1155 | / | 555 |
| Spirit Lodge | 2 | 300 | / | 300 |
| Tauren Totem | 1 | 135 | / | 155 |
| Beastiary | 2 | 290 | / | 280 |
| Stronghold | 1 | 315 | / | 190 |
| Fortress | 1 | 325 | / | 190 |
| total: | 33 | 5285g | / | 2780w |
| 0:04 | Peon |
| 0:04 | Peon |
| 0:07 | Altar of Storms |
| 0:14 | Orc Burrow |
| 0:33 | Peon |
| 1:00 | Peon |
| 1:09 | Voodoo Lounge |
| 1:19 | Peon |
| 1:33 | Peon |
| 1:45 | Barracks |
| 1:48 | War Mill |
| 2:08 | Wind Walk |
| 2:14 | Peon |
| 2:15 | Peon |
| 2:24 | Peon |
| 2:46 | Stronghold |
| 2:47 | Healing Salve |
| 3:00 | Troll Headhunter |
| 3:04 | Orc Burrow |
| 3:31 | Troll Headhunter |
| 3:40 | Troll Headhunter |
| 4:13 | Orc Burrow |
| 4:21 | Troll Headhunter |
| 4:40 | Troll Headhunter |
| 4:49 | Critical Strike |
| 5:04 | Troll Headhunter |
| 5:23 | Spirit Lodge |
| 5:50 | Fortress |
| 6:12 | Endurance Aura |
| 6:21 | Orc Burrow |
| 6:57 | Shaman Adept Training |
| 7:00 | Tauren Totem |
| 7:10 | Critical Strike |
| 7:16 | Spirit Lodge |
| 7:47 | Troll Headhunter |
| 7:50 | Reinforced Defenses |
| 7:55 | Troll Witch Doctor |
| 8:22 | Peon |
| 8:22 | Peon |
| 8:35 | War Stomp |
| 8:46 | Great Hall |
| 8:50 | Great Hall |
| 9:13 | Healing Wave |
| 9:17 | Orb of Lightning |
| 9:35 | Spirit Walker |
| 9:50 | Shaman Master Training |
| 9:52 | Shaman |
| 10:07 | Steel Ranged Weapons |
| 10:21 | Shaman |
| 10:25 | Orc Burrow |
| 10:49 | Endurance Aura |
| 10:50 | Wind Walk |
| 11:06 | Berserker Upgrade |
| 11:09 | Orc Burrow |
| 11:13 | Hex |
| 11:24 | Witch Doctor Adept Training |
| 11:40 | Peon |
| 11:40 | Peon |
| 11:40 | Peon |
| 11:41 | Peon |
| 11:59 | Watch Tower |
| 12:01 | Watch Tower |
| 12:43 | Troll Berserker |
| 12:45 | War Stomp |
| 12:46 | Healing Wave |
| 12:51 | Witch Doctor Master Training |
| 12:52 | Troll Witch Doctor |
| 12:55 | Troll Berserker |
| 13:32 | Troll Witch Doctor |
| 13:34 | Critical Strike |
| 13:46 | Shaman |
| 13:48 | Spirit Walker |
| 13:50 | Beastiary |
| 13:53 | Beastiary |
| 13:56 | Watch Tower |
| 14:00 | Watch Tower |
| 14:55 | Potion of Lesser Invulnerability |
| 15:00 | Scroll of Protection |
| 15:01 | Scroll of Healing |
| 15:14 | Troll Batrider |
| 15:17 | Watch Tower |
| 15:21 | Watch Tower |
| 15:47 | Troll Batrider |
| 16:12 | Boots of Speed |
| 16:18 | Troll Batrider |
| 16:22 | Hex |
| 16:37 | Orb of Lightning |
| 16:51 | Troll Batrider |
| 17:07 | Scroll of Town Portal |
| 17:11 | Scroll of Speed |
| 17:21 | Troll Batrider |
| 17:23 | Spirit Walker Adept Training |
| 17:26 | Orc Burrow |
| 17:29 | Orc Burrow |
| 18:10 | Great Hall |
| 18:37 | Endurance Aura |
| 18:48 | Watch Tower |
| 18:51 | Watch Tower |
| 18:51 | Watch Tower |
| 18:53 | Watch Tower |
| 18:55 | Watch Tower |
| 18:58 | Watch Tower |
| 19:41 | Thorium Ranged Weapons |
| 19:41 | Steel Armor |
| 20:17 | Watch Tower |
| 21:05 | Healing Wave |
| Right click | 964 |
| Select group | 760 |
| Select | 392 |
| Chat | 170 |
| Build/train/purchase | 114 |
| Use ability | 80 |
| Misc. action | 64 |
| Assign group | 43 |
| Item give/drop | 10 |
| Remove unit | 4 |
| Minimap ping | 1 |
10 units @ 0.8k
/ 0k
11 buildings @ 1.6k
/ 0.7k


| Healing Salve | 3 | 300 |
| Lesser Clarity Potion | 1 | 70 |
| total: | 4 | 370g |
| Peon | 9 | 675 | / | 0 |
| Troll Batrider | 1 | 160 | / | 40 |
| total: | 10 | 835g | / | 40w |
| Watch Tower | 3 | 330 | / | 240 |
| Altar of Storms | 1 | 180 | / | 50 |
| Orc Burrow | 3 | 480 | / | 120 |
| Voodoo Lounge | 1 | 130 | / | 30 |
| War Mill | 1 | 205 | / | 0 |
| Beastiary | 2 | 290 | / | 280 |
| Stronghold | 2 | 630 | / | 380 |
| Fortress | 2 | 650 | / | 380 |
| total: | 11 | 1615g | / | 720w |
| 0:02 | Peon |
| 0:03 | Peon |
| 0:05 | Altar of Storms |
| 0:15 | Orc Burrow |
| 0:16 | Orc Burrow |
| 0:28 | Peon |
| 0:46 | Peon |
| 0:50 | Voodoo Lounge |
| 0:59 | Peon |
| 1:10 | War Mill |
| 1:17 | Peon |
| 1:27 | Peon |
| 1:43 | Peon |
| 2:06 | Healing Salve |
| 2:06 | Healing Salve |
| 2:08 | Wind Walk |
| 2:12 | Peon |
| 2:16 | Stronghold |
| 2:33 | Watch Tower |
| 3:31 | Watch Tower |
| 3:43 | Orc Burrow |
| 4:39 | Fortress |
| 4:41 | Beastiary |
| 4:48 | Critical Strike |
| 5:17 | Beastiary |
| 5:37 | Hex |
| 5:38 | Healing Salve |
| 5:38 | Lesser Clarity Potion |
| 5:45 | Troll Batrider |
| 5:50 | Watch Tower |
| 6:17 | Reinforced Defenses |
| Select group | 308 |
| Right click | 267 |
| Assign group | 171 |
| Select | 113 |
| Build/train/purchase | 28 |
| Use ability | 7 |
| Misc. action | 2 |
| Item give/drop | 1 |
| Esc | 1 |
43 units @ 4.5k
/ 0.4k
19 buildings @ 3.6k
/ 1.9k



| Staff of Preservation | 1 | 150 |
| Orb of Venom | 1 | 325 |
| Anti-magic Potion | 2 | 200 |
| Dust of Appearance | 1 | 75 |
| Scroll of Healing | 1 | 250 |
| Scroll of Town Portal | 1 | 350 |
| Potion of Lesser Invulnerability | 1 | 150 |
| total: | 8 | 1500g |
| Wisp | 29 | 1740 | / | 0 |
| Archer | 7 | 910 | / | 70 |
| Hippogryph | 3 | 480 | / | 60 |
| Chimaera | 4 | 1320 | / | 280 |
| total: | 43 | 4450g | / | 410w |
| Moon Well | 6 | 1080 | / | 240 |
| Altar of Elders | 1 | 180 | / | 50 |
| Ancient of War | 2 | 300 | / | 120 |
| Ancient of Wonders | 1 | 90 | / | 30 |
| Tree of Life | 3 | 1020 | / | 555 |
| Hunter's Hall | 1 | 210 | / | 100 |
| Ancient of Wind | 3 | 450 | / | 420 |
| Chimaera Roost | 2 | 280 | / | 380 |
| Tree of Ages | 1 | 320 | / | 180 |
| Tree of Eternity | 1 | 330 | / | 200 |
| total: | 19 | 3610g | / | 1895w |
| 0:02 | Wisp |
| 0:02 | Wisp |
| 0:02 | Wisp |
| 0:02 | Wisp |
| 0:18 | Moon Well |
| 0:33 | Altar of Elders |
| 0:51 | Wisp |
| 0:52 | Wisp |
| 0:52 | Wisp |
| 0:57 | Wisp |
| 0:58 | Wisp |
| 1:32 | Ancient of War |
| 1:39 | Moon Well |
| 2:03 | Ancient of War |
| 2:10 | Moon Well |
| 2:12 | Wisp |
| 2:12 | Wisp |
| 2:12 | Wisp |
| 2:12 | Wisp |
| 2:37 | Force of Nature |
| 2:45 | Archer |
| 2:45 | Archer |
| 3:20 | Tree of Ages |
| 3:22 | Ancient of Wonders |
| 4:18 | Entangling Roots |
| 4:25 | Archer |
| 4:25 | Archer |
| 4:25 | Archer |
| 4:37 | Dust of Appearance |
| 6:15 | Entangling Roots |
| 6:18 | Ancient of Wind |
| 6:19 | Ancient of Wind |
| 6:23 | Moon Well |
| 6:23 | Moon Well |
| 7:08 | Tree of Eternity |
| 7:51 | Tree of Life |
| 8:10 | Hippogryph |
| 8:11 | Hippogryph |
| 8:11 | Hippogryph |
| 8:42 | Force of Nature |
| 9:14 | Potion of Lesser Invulnerability |
| 9:15 | Scroll of Healing |
| 9:24 | Archer |
| 9:25 | Improved Bows |
| 9:55 | Chimaera Roost |
| 9:56 | Chimaera Roost |
| 10:01 | Moon Well |
| 10:14 | Acid Bomb |
| 10:51 | Healing Spray |
| 11:19 | Entangling Roots |
| 11:35 | Wisp |
| 11:36 | Wisp |
| 11:36 | Wisp |
| 11:36 | Wisp |
| 11:39 | Wisp |
| 12:28 | Hunter's Hall |
| 12:34 | Ancient of Wind |
| 12:58 | Acid Bomb |
| 13:26 | Staff of Preservation |
| 13:27 | Orb of Venom |
| 13:33 | Anti-magic Potion |
| 13:33 | Scroll of Town Portal |
| 14:42 | Chimaera |
| 15:18 | Well Spring |
| 15:18 | Ultravision |
| 15:18 | Strength of the Wild |
| 15:18 | Strength of the Moon |
| 15:25 | Chimaera |
| 15:41 | Drunken Haze |
| 16:01 | Tree of Life |
| 18:16 | Archer |
| 18:18 | Chimaera |
| 18:28 | Anti-magic Potion |
| 18:47 | Wisp |
| 19:07 | Wisp |
| 19:14 | Tree of Life |
| 19:22 | Corrosive Breath |
| 19:37 | Nature's Blessing |
| 19:40 | Wisp |
| 19:40 | Wisp |
| 19:40 | Wisp |
| 19:40 | Wisp |
| 20:04 | Chimaera |
| 20:51 | Wisp |
| 20:51 | Wisp |
| 20:51 | Wisp |
| 20:51 | Wisp |
| 20:51 | Wisp |
| Right click | 557 |
| Select | 386 |
| Chat | 160 |
| Assign group | 139 |
| Select group | 121 |
| Build/train/purchase | 84 |
| Use ability | 56 |
| Misc. action | 23 |
| Item give/drop | 4 |
| Esc | 1 |